Map: [ESL] Solaris

Players

Creator - Winner!

  • Race: Protoss Protoss
  • Spawn Location: 1:00

Kelazhur

  • Race: Terran Terran
  • Spawn Location: 7:00

Event: ESL SC2 Masters 2023 Winter (Finals)

VOD

Have the link to the VOD?

Description

Time

  • Played on: Dec. 16, 2023, 10:23 a.m.
  • Length: 18:24

All games in this series

Show
View Real Time Build Order
Export as new Build Order

Creator Protoss - Winner!

Build Orders: 1 Gate Expand, Blink Stalkers, Zealot Archon, Colossus Rush 

Get SALT Encoding   

  12  0:00  Probe  
  13  0:12  Probe  
  14  0:17  Pylon  
  14  0:24  Probe (Chrono Boost)  
  15  0:36  Probe (Chrono Boost)  
  15  0:37  Gateway  
  16  0:43  Probe (Chrono Boost)  
  16  0:45  Assimilator  
  17  0:51  Probe  
  18  1:03  Probe  
  19  1:15  Probe  
  20  1:23  Cybernetics Core  
  20  1:33  Nexus  
  20  1:41  Pylon  
  20  1:43  Probe  
  21  1:51  Assimilator  
  21  1:55  Probe  
  21  1:57  Adept (Chrono Boost)  
  24  2:07  Warp Gate  
  24  2:08  Probe  
  25  2:17  Adept (Chrono Boost)  
  25  2:20  Probe  
  28  2:24  Shield Battery  
  28  2:32  Probe  
  29  2:39  Twilight Council  
  29  2:45  Probe  
  29  2:47  Stalker (Chrono Boost)  
  31  2:55  Probe  
  31  2:57  Probe  
  33  3:08  Probe (Chrono Boost)  
  33  3:09  Probe (Chrono Boost)  
  35  3:15  Blink  
  36  3:22  Probe (Chrono Boost)  
  36  3:26  Probe (Chrono Boost)  
  37  3:28  Probe (Chrono Boost)  
  37  3:32  Shield Battery, Probe (Chrono Boost)  
  39  3:34  Gateway  
  39  3:36  Probe  
  39  3:38  Robotics Facility  
  40  3:44  Probe  
  40  3:48  Probe  
  42  3:53  Pylon  
  42  3:56  Sentry, Probe  
  42  4:00  Probe  
  42  4:02  Assimilator  
  46  4:03  Assimilator  
  46  4:09  Phoenix, Pylon  
  46  4:11  Probe  
  46  4:12  Probe, Pylon  
  46  4:17  Gateway  
  48  4:26  Stalker  
  48  4:27  Probe (Chrono Boost)  
  48  4:28  Observer, Probe (Chrono Boost)  
  53  4:39  Probe (Chrono Boost)  
  53  4:42  Robotics Bay  
  53  4:43  Forge  
  55  4:45  Probe (Chrono Boost)  
  55  4:48  Probe (Chrono Boost)  
  55  4:51  Observer  
  55  4:52  Probe (Chrono Boost)  
  58  4:53  Probe  
  59  5:00  Nexus  
  59  5:03  Probe  
  59  5:04  Pylon  
  59  5:05  Probe  
  61  5:15  Observer, Stalker x2  
  61  5:17  Pylon  
  66  5:25  Protoss Ground Weapons Level 1 (Chrono Boost), Probe  
  66  5:26  Probe  
  68  5:32  Colossus (Chrono Boost)  
  68  5:38  Probe x2  
  76  5:48  Observer  
  76  5:49  Observer  
  76  5:50  Probe x2  
  76  5:51  Observer  
  76  5:52  Gateway, Pylon  
  76  5:55  Sentry  
  76  5:56  Extended Thermal Lance  
  80  6:02  Probe x2  
  82  6:07  Pylon  
  82  6:13  Colossus (Chrono Boost)  
  82  6:14  Probe x3  
  91  6:19  Zealot  
  91  6:21  Sentry, Zealot  
  97  6:26  Probe x2  
  97  6:27  Probe  
  97  6:30  Assimilator  
  97  6:31  Assimilator  
  100  6:37  Gateway x2  
  100  6:38  Pylon  
  100  6:39  Charge  
  100  6:41  Probe  
  100  6:44  Shield Battery  
  101  6:51  Probe  
  101  6:52  Warp Prism (Chrono Boost), Probe  
  101  6:53  Probe  
  106  6:56  Templar Archives  
  106  6:57  Pylon  
  106  7:03  Gateway  
  106  7:05  Gateway  
  106  7:11  Protoss Ground Armor Level 1 (Chrono Boost)  
  106  7:17  Zealot x3  
  106  7:18  Zealot  
  114  7:23  Colossus (Chrono Boost)  
  120  7:34  Probe x3  
  120  7:35  Nexus  
  117  7:42  Psionic Storm  
  117  7:43  Forge  
  117  7:44  High Templar x2  
  117  7:47  Zealot  
  117  7:48  Archon  
  117  7:49  Stalker  
  125  7:59  Probe x3  
  125  8:03  Pylon  
  128  8:06  Stalker x2  
  128  8:10  Robotics Facility, Pylon  
  133  8:17  Protoss Ground Weapons Level 2 (Chrono Boost)  
  133  8:21  Disruptor, Probe, Stalker  
  133  8:24  Stalker  
  141  8:28  Pylon  
  141  8:29  Pylon  
  141  8:30  Pylon, Stalker  
  141  8:31  Stalker  
  145  8:36  Photon Cannon  
  145  8:37  High Templar  
  147  8:45  Observer  
  144  8:48  Zealot  
  144  8:49  Zealot x4  
  144  8:50  Archon  
  144  8:52  Shield Battery  
  144  8:54  High Templar x2  
  158  8:58  Archon  
  162  9:03  Immortal  
  162  9:04  Assimilator  
  162  9:06  Assimilator  
  162  9:12  Immortal  
  166  9:17  Zealot  
  160  9:27  Stalker x2  
  160  9:28  Stalker  
  150  9:31  Zealot  
  150  9:32  Zealot x3  
  138  9:40  Stalker  
  138  9:42  Immortal (Chrono Boost)  
  124  9:50  Zealot x2  
  124  9:51  Zealot  
  124  9:52  Zealot x2  
  130  9:54  Zealot x2, Protoss Ground Armor Level 2 (Chrono Boost)  
  130  9:59  Disruptor (Chrono Boost)  
  132  10:00  Probe x4  
  132  10:05  Sentry  
  142  10:12  High Templar x2  
  146  10:15  Photon Cannon  
  146  10:16  Shield Battery  
  146  10:17  Stalker x3  
  152  10:24  Zealot x2, Colossus (Chrono Boost)  
  162  10:30  Photon Cannon  
  162  10:32  Shield Battery  
  162  10:35  Observer, Protoss Ground Weapons Level 3 (Chrono Boost)  
  162  10:41  Zealot x4  
  164  10:50  Probe x4  
  164  10:51  Dark Shrine  
  164  10:53  Disruptor  
  171  10:59  Stalker x2  
  171  11:03  Photon Cannon  
  173  11:12  Colossus (Chrono Boost)  
  173  11:25  Nexus, Colossus (Chrono Boost)  
  173  11:28  Stalker  
  173  11:29  Stalker  
  173  11:31  Stargate  
  179  11:38  Observer  
  171  11:45  Stalker x2  
  175  11:51  High Templar x2, Pylon  
  175  11:52  Photon Cannon  
  175  11:53  Shield Battery  
  179  11:54  Pylon  
  179  11:56  Photon Cannon  
  179  11:57  Observer (Chrono Boost), Pylon  
  180  12:02  Protoss Ground Armor Level 3  
  180  12:05  Pylon  
  180  12:09  Probe x4  
  180  12:12  Sentry, Disruptor, Photon Cannon  
  180  12:14  Shield Battery, Stalker  
  192  12:19  High Templar  
  192  12:21  Probe  
  193  12:25  Phoenix  
  193  12:26  Zealot x2  
  197  12:34  Stalker  
  197  12:35  Dark Templar x2  
  197  12:36  Zealot  
  172  12:49  Stalker  
  172  12:50  Stalker x2  
  164  13:03  Disruptor (Chrono Boost)  
  168  13:07  Disruptor (Chrono Boost)  
  168  13:08  Nexus  
  168  13:11  Unknown  
  168  13:12  Photon Cannon, Archon  
  166  13:30  Pylon  
  166  13:32  Disruptor  
  170  13:35  Disruptor  
  170  13:36  Probe x3  
  177  13:42  Nexus  
  177  13:50  Zealot, Fleet Beacon, Stalker x3  
  177  13:51  Zealot x3, Stargate  
  180  14:08  Observer (Chrono Boost), Disruptor (Chrono Boost)  
  175  14:13  Stalker x3  
  179  14:21  Pylon  
  179  14:23  Sentry  
  179  14:24  Stalker x3  
  185  14:26  Disruptor (Chrono Boost), Probe  
  185  14:28  Gateway  
  191  14:37  Disruptor (Chrono Boost)  
  183  14:52  Colossus (Chrono Boost)  
  160  14:55  Dark Templar x2  
  170  15:00  Archon  
  170  15:01  Sentry, Zealot x3  
  170  15:02  Zealot  
  180  15:07  Stalker  
  180  15:09  Warp Prism (Chrono Boost)  
  176  15:31  Stalker x8  
  192  15:41  Warp Prism  
  184  15:46  Observer  
  182  15:56  Dark Templar x3  
  186  15:57  Zealot x5  
  186  15:59  Pylon  
  194  16:07  Observer  
  191  16:20  Stalker x4  
  191  16:25  Observer  
  183  16:35  Dark Templar x4  
  183  16:39  Archon x2  
  185  16:45  Zealot x4  
  193  16:49  Gateway  
  187  17:01  Disruptor, Immortal  
  187  17:08  Stalker x2  
  191  17:43  Gateway  
  182  18:01  Dark Templar x4, Zealot  
  182  18:02  Zealot x4  
  182  18:20  Zealot x2  
Show
View Real Time Build Order
Export as new Build Order

Kelazhur Terran 

Build Orders:  

Get SALT Encoding   

  12  0:00  SCV  
  13  0:12  SCV  
  14  0:17  Supply Depot  
  14  0:24  SCV  
  15  0:38  SCV  
  15  0:40  Barracks  
  16  0:45  Refinery  
  16  0:51  SCV  
  16  0:55  Refinery  
  17  1:03  SCV  
  18  1:11  Barracks  
  18  1:15  SCV  
  19  1:27  SCV  
  20  1:39  SCV  
  21  1:51  SCV  
  22  2:00  Reaper  
  23  2:01  Supply Depot  
  23  2:03  Orbital Command  
  23  2:13  Command Center  
  23  2:19  Factory  
  23  2:22  Bunker  
  23  2:29  SCV  
  24  2:32  Reaper  
  25  2:41  SCV  
  26  2:46  Refinery  
  25  2:53  SCV  
  26  3:03  Cyclone  
  26  3:05  SCV  
  29  3:11  Barracks Reactor  
  29  3:16  Command Center  
  29  3:17  SCV  
  30  3:25  Barracks  
  30  3:26  Orbital Command  
  30  3:35  Cyclone  
  30  3:40  SCV  
  33  3:44  Orbital Command  
  33  3:47  Marine  
  33  3:48  Marine  
  35  3:55  SCV, Starport  
  34  4:05  Marine x2  
  34  4:07  SCV  
  37  4:10  SCV  
  37  4:13  Factory Tech Lab  
  37  4:14  Barracks Tech Lab  
  38  4:19  SCV  
  38  4:21  Supply Depot  
  38  4:23  Marine x2  
  41  4:28  SCV  
  41  4:29  Orbital Command  
  42  4:31  SCV  
  42  4:33  Marine  
  42  4:34  Stimpack  
  44  4:40  SCV  
  44  4:42  Siege Tank  
  48  4:46  Marine x2  
  48  4:48  SCV  
  51  4:53  Marine, SCV  
  51  4:55  SCV  
  54  5:03  SCV  
  54  5:06  Refinery  
  54  5:07  Marine x2  
  55  5:08  SCV, Engineering Bay  
  55  5:12  Supply Depot  
  58  5:17  Siege Tank  
  61  5:25  Marauder  
  61  5:26  Bunker, SCV  
  64  5:28  SCV  
  64  5:30  SCV  
  64  5:33  Marine x2  
  68  5:38  SCV  
  69  5:43  SCV  
  69  5:44  Barracks  
  69  5:45  SCV  
  69  5:47  Marauder  
  69  5:52  Siege Tank  
  69  5:55  SCV  
  69  5:56  Marine x2  
  75  6:01  Starport Reactor  
  75  6:02  SCV  
  75  6:03  Orbital Command  
  75  6:05  Refinery  
  75  6:10  Marauder  
  77  6:15  Supply Depot  
  77  6:17  Combat Shield  
  77  6:18  Barracks x2  
  77  6:33  Supply Depot  
  77  6:34  Terran Infantry Weapons Level 1, Factory Reactor  
  77  6:37  Marauder, SCV x3, Marine x2  
  77  6:38  Supply Depot  
  84  6:43  Orbital Command  
  84  6:45  Supply Depot  
  84  6:47  Concussive Shells  
  84  6:49  SCV  
  84  6:52  Missile Turret  
  85  6:54  Medivac x2  
  85  6:55  Marauder, SCV  
  85  6:56  Missile Turret  
  85  7:00  Supply Depot  
  85  7:01  Marauder, SCV, Marine x2  
  96  7:07  SCV  
  98  7:09  SCV  
  98  7:11  Barracks Reactor, Barracks Tech Lab  
  98  7:13  SCV  
  97  7:16  Widow Mine, Marauder  
  97  7:17  Widow Mine  
  97  7:19  SCV  
  97  7:21  SCV  
  104  7:23  Marine x2  
  104  7:24  Marauder  
  104  7:25  Medivac x2, SCV  
  111  7:35  Marauder  
  111  7:37  SCV  
  114  7:40  Marauder  
  114  7:43  Orbital Command, Missile Turret, SCV  
  114  7:44  Supply Depot x2  
  117  7:51  Widow Mine x2  
  122  7:52  Marine  
  122  7:53  Marauder  
  122  7:54  Marine  
  122  7:55  SCV  
  125  8:05  Marauder, SCV  
  130  8:06  Medivac x2, Marauder  
  130  8:09  Supply Depot  
  130  8:11  Supply Depot, Armory, Marine  
  130  8:12  Widow Mine x2, SCV  
  140  8:16  SCV  
  141  8:31  Marauder x3, SCV, Marine  
  141  8:33  Widow Mine x2  
  153  8:36  Supply Depot  
  153  8:38  Supply Depot x2  
  142  8:49  Marine  
  142  8:50  Marine x3  
  142  8:51  SCV  
  142  8:53  Marauder x2  
  142  8:54  Ghost Academy  
  151  8:59  Medivac x2  
  151  9:02  Marauder  
  157  9:07  Marine  
  158  9:14  Marauder  
  160  9:19  Marauder, Marine x3  
  162  9:28  Marauder  
  162  9:31  Marine  
  159  9:33  SCV x2  
  159  9:34  Command Center, Refinery  
  159  9:35  Marauder  
  159  9:36  Marine  
  159  9:37  Marine  
  163  9:38  Marine  
  163  9:40  Marauder  
  142  9:48  Marine, SCV  
  138  9:57  Marine x2, Marauder  
  138  10:01  Viking x2  
  138  10:02  Marauder  
  138  10:05  Barracks x2, Terran Infantry Weapons Level 2  
  138  10:06  Barracks  
  144  10:11  SCV, Refinery  
  144  10:12  SCV x2  
  147  10:14  Marine x2  
  147  10:25  Ghost  
  147  10:28  Ghost  
  149  10:31  Viking x2  
  149  10:32  Ghost  
  155  10:42  Marine x2  
  156  10:45  Widow Mine x2  
  159  10:53  Ghost  
  161  10:58  SCV x2  
  161  11:02  Ghost x2  
  161  11:03  Barracks Tech Lab  
  161  11:04  Barracks Tech Lab  
  167  11:05  Marine x3  
  170  11:16  Missile Turret  
  170  11:21  Ghost  
  170  11:22  Ghost x2  
  170  11:24  Marine  
  169  11:27  Marine  
  169  11:30  Viking x2  
  169  11:32  SCV x2  
  175  11:34  Widow Mine x2  
  176  11:40  Marauder  
  176  11:41  Marauder  
  171  11:49  Marine  
  171  11:51  Marauder x2  
  171  11:52  Marine x3  
  171  11:53  Marauder  
  181  11:59  Planetary Fortress  
  181  12:02  Marauder  
  181  12:03  SCV x3  
  186  12:09  Marauder  
  186  12:12  Marauder  
  190  12:21  Marauder  
  192  12:24  Marauder  
  192  12:26  Marauder  
  192  12:28  Marine  
  196  12:33  Viking  
  195  12:37  Marauder  
  195  12:38  Marauder  
  195  12:39  Viking  
  195  12:42  Marauder  
  185  12:46  Marauder, Marine x5  
  185  12:47  Marauder  
  177  12:58  Marine  
  177  12:59  Marine  
  177  13:01  Terran Infantry Weapons Level 3  
  177  13:03  Viking, Marine  
  177  13:04  Widow Mine, Marine x4  
  186  13:08  Marauder  
  186  13:09  Marauder  
  186  13:22  Marauder  
  188  13:28  Marauder  
  188  13:30  Marauder x2, Marine x2  
  188  13:32  Command Center  
  196  13:39  Command Center, Missile Turret  
  196  13:50  Marauder  
  196  13:51  Marine  
  196  13:54  Medivac  
  196  13:55  Marauder, Medivac  
  188  14:06  Marauder x2  
  188  14:07  Widow Mine x2  
  193  14:10  Supply Depot  
  185  14:20  Ghost, Starport  
  185  14:21  Ghost  
  185  14:22  Marauder, Marine x4  
  185  14:23  Marine  
  196  14:32  Marauder x2  
  194  14:40  Viking x2  
  194  14:43  Marauder  
  178  14:50  Marine x5, Marauder x2  
  158  14:53  Marauder x2, Widow Mine  
  158  14:59  Starport Reactor  
  160  15:04  Marine  
  160  15:05  SCV x4  
  165  15:08  Marine x2  
  165  15:10  Missile Turret  
  165  15:11  Marauder x2  
  170  15:15  Marauder x2  
  170  15:17  SCV  
  166  15:23  Marauder  
  166  15:24  Viking x2  
  166  15:25  Marine x3  
  166  15:26  Marine  
  165  15:31  Marine  
  165  15:32  Widow Mine x2  
  165  15:33  Marauder x2  
  174  15:36  Marauder, Marine  
  174  15:38  Terran Infantry Armor Level 1  
  174  15:39  Medivac x2  
  175  15:45  Marauder  
  175  15:49  Marine  
  172  15:50  Marine  
  172  15:51  Marine  
  172  15:52  Marine  
  172  15:54  Marauder, Widow Mine, Marine  
  172  15:55  Widow Mine  
  180  15:59  Medivac x2  
  180  16:01  Planetary Fortress  
  173  16:15  Widow Mine  
  173  16:16  Marauder x2  
  173  16:17  Marine, Marauder  
  174  16:19  Medivac, Marauder  
  174  16:20  Medivac  
  174  16:21  Widow Mine  
  174  16:23  Marauder, Marine  
  174  16:25  Marine  
  143  16:32  Marine  
  143  16:34  Marine  
  143  16:36  Widow Mine, Marine  
  143  16:37  Marauder x2  
  150  16:41  Planetary Fortress  
  150  16:42  Widow Mine  
  150  16:43  Marine, Marauder  
  152  16:49  Ghost  
  148  16:55  Ghost, Marine  
  148  16:56  Marine  
  148  16:57  Marine  
  148  16:58  Widow Mine  
  148  17:00  Ghost  
  128  17:03  Widow Mine  
  128  17:04  Viking  
  128  17:06  Ghost  
  130  17:09  Marauder, Marine  
  130  17:12  Viking  
  130  17:15  Marine  
  134  17:19  Marauder  
  124  17:24  Marauder, Marine  
  124  17:25  Orbital Command  
  124  17:29  Marauder  
  119  17:30  Marauder  
  119  17:35  Marine, Marauder  
  119  17:36  Marine  
  120  17:40  Marauder  
  120  17:42  Marine  
  123  17:45  Marauder  
  123  17:50  Marauder  
  125  17:51  Marine  
  125  17:53  Marine  
  125  17:54  Marine  
  117  17:59  Marine  
  117  18:01  Marine  
Tags
 
Add a new tag
Caveats
  • Supply blocks, unpowered buildings, or Contaminate may cause inaccurate times.
  • Supply counts are checked every 10 seconds.